Map: Rainfall LE

Players

Calyx

  • Race: Terran Terran
  • League: Master
  • Spawn Location: 5:00

A.I. 1 (Very Easy) - Winner!

  • Race: Protoss Protoss
  • Spawn Location: 11:00

VOD

Have the link to the VOD?

Description

Time

  • Played on: July 20, 2026, 12:10 a.m.
  • Length: 8:16
Show
View Real Time Build Order
Export as new Build Order

Calyx Terran 

Build Orders: Reaper Expand 

Get SALT Encoding   

  8  0:00  SCV  
  9  0:12  SCV  
  10  0:24  SCV  
  11  0:36  SCV  
  11  0:39  Supply Depot  
  12  0:48  SCV  
  13  1:01  SCV  
  13  1:04  Barracks  
  14  1:08  Refinery  
  14  1:13  SCV  
  16  1:25  SCV  
  16  1:37  SCV  
  17  1:50  Orbital Command  
  17  1:52  Reaper  
  18  2:02  Command Center  
  18  2:11  Supply Depot  
  18  2:16  SCV  
  19  2:26  Marine  
  19  2:28  SCV  
  21  2:32  Factory  
  21  2:40  SCV  
  22  2:44  Marine  
  22  2:46  Bunker  
  23  2:51  Refinery  
  23  2:55  SCV  
  24  3:06  Barracks Reactor  
  24  3:07  SCV  
  25  3:18  Orbital Command  
  25  3:19  SCV  
  26  3:29  Hellion  
  26  3:31  SCV  
  26  3:33  Starport  
  29  3:43  SCV  
  29  3:45  Marine x2  
  29  3:46  SCV  
  33  3:52  Factory Tech Lab  
  33  3:55  SCV  
  33  3:58  SCV  
  35  4:03  Marine x2  
  37  4:11  Supply Depot, SCV x2  
  39  4:22  Banshee, Hyperflight Rotors  
  42  4:25  Factory Tech Lab  
  42  4:27  Supply Depot  
  42  4:32  Marine x2  
  42  4:33  SCV x2  
  42  4:36  Supply Depot  
  46  4:44  Siege Tank  
  46  4:45  SCV  
  50  4:49  SCV  
  50  4:50  Marine x2  
  50  4:52  Barracks  
  53  4:57  SCV  
  53  4:58  Supply Depot  
  54  5:01  SCV  
  54  5:04  Banshee  
  54  5:06  Barracks  
  58  5:10  SCV  
  58  5:13  SCV  
  60  5:15  Supply Depot  
  60  5:21  Siege Tank  
  60  5:22  SCV  
  60  5:23  Supply Depot  
  60  5:26  Marine x2  
  66  5:30  Refinery  
  66  5:33  Engineering Bay  
  66  5:35  SCV x2  
  68  5:46  Refinery  
  68  5:47  SCV x2, Supply Depot  
  70  5:54  Starport Reactor  
  70  5:55  Stimpack, Marauder  
  72  5:59  SCV x2  
  72  6:02  Marine x2  
  72  6:03  Factory Reactor  
  76  6:04  Marauder  
  76  6:09  Supply Depot  
  78  6:14  Terran Infantry Weapons Level 1  
  78  6:20  Marine x2  
  78  6:21  Marine, Combat Shield  
  78  6:25  Marine  
  81  6:29  Supply Depot, Command Center  
  82  6:36  Medivac  
  82  6:38  Marine x2  
  82  6:39  Medivac  
  88  6:41  Widow Mine  
  88  6:46  Supply Depot  
  90  6:47  Marine  
  90  6:48  Marauder  
  90  6:50  SCV x2  
  95  6:56  Marine  
  95  6:57  Marauder  
  98  7:06  Barracks  
  98  7:09  Marauder  
  98  7:10  Barracks  
  100  7:16  Marine x2  
  100  7:18  Marauder  
  100  7:22  Widow Mine x2, Medivac x2  
  112  7:28  Supply Depot x2  
  112  7:38  SCV x2  
  114  7:45  Marine x2  
  114  7:46  Marauder x2  
  114  7:47  Widow Mine x2  
  124  7:55  SCV  
  124  7:58  SCV  
  126  8:00  Barracks Reactor  
  126  8:01  Barracks Tech Lab  
  132  8:08  Supply Depot  
Show
View Real Time Build Order
Export as new Build Order

A.I. 1 (Very Easy) Protoss - Winner!

Build Orders:  

Get SALT Encoding   

  8  0:00  Probe  
  9  0:13  Probe  
  10  0:25  Probe  
  11  0:37  Probe  
  12  0:47  Pylon  
  12  0:49  Probe  
  13  1:01  Probe  
  13  1:10  Gateway  
  14  1:31  Nexus  
  14  1:48  Pylon  
  14  1:51  Zealot, Assimilator  
  16  2:05  Cybernetics Core  
  16  2:07  Probe  
  17  2:19  Probe  
  18  2:30  Assimilator  
  18  2:31  Probe  
  19  2:42  Probe, Stalker  
  22  2:46  Probe  
  23  2:53  Pylon, Probe  
  24  2:58  Warp Gate  
  24  3:02  Probe  
  24  3:12  Probe  
  25  3:15  Probe  
  26  3:26  Probe  
  25  3:33  Probe  
  26  3:38  Probe  
  27  3:48  Probe  
  28  3:51  Probe  
  29  3:57  Robotics Facility  
  29  3:59  Zealot  
  29  4:02  Probe  
  31  4:09  Probe  
  32  4:16  Probe  
  33  4:23  Assimilator  
  33  4:24  Probe  
  34  4:31  Probe  
  35  4:38  Probe  
  36  4:45  Probe, Observer  
  37  4:47  Pylon  
  37  4:48  Probe  
  39  4:54  Assimilator  
  39  4:59  Probe  
  40  5:03  Observer  
  40  5:05  Probe  
  42  5:11  Probe  
  43  5:15  Stalker  
  46  5:21  Probe  
  46  5:24  Probe  
  48  5:35  Probe  
  48  5:47  Probe  
  48  6:32  Zealot  
  50  6:44  Probe  
  49  6:49  Probe  
  48  6:58  Probe  
  49  7:01  Probe  
  50  7:57  Stalker  
  52  8:01  Pylon  
Tags
 
League
Master
Matchup
PvT
Spawn Locations
Cross Positions
Add a new tag
Caveats
  • Supply blocks, unpowered buildings, or Contaminate may cause inaccurate times.
  • Supply counts are checked every 10 seconds.